cohdb
Replays
Latest Replays
All Replays
Popular Replays
Top Player Replays
Match Explorer
How It Works
Community
CoH3 Stats
Reddit
Sign in to upload your games and track your stats! →
Sign in with Steam
Match 42859473
Unlisted
Match 42859473
Overview
Messages
Build Orders
End
Construct Weapon Support Center
Selects Armored Battlegroup
Selects Assault Engineers
Assault Engineer Squad
Bazooka Squad
Assault Engineer Squad
Bazooka Squad
M1919 Machine Gun Team
Improved M9 Bazooka Rockets
M1919 Machine Gun Team
Bazooka Squad
Air Support Center
Construct Medical Station
P-47 Strafing Run
P-47 Dive Bomb
Double Sortie
P-47 Dive Bomb
P-47 Strafing Run
Selects Strength in Steel
Selects M8 Scott SPG
M8 Scott SPG
M8 Scott SPG
P-47 Strafing Run
Bazooka Squad
Grasshopper Recon Run
P-47 Strafing Run
P-47 Dive Bomb
Bazooka Squad
WasaBee
Frodosynthesis
amihajlovic47
Gabe_Real
Turtleboy
Jackson
0
0
Comments
sign in to comment!
No comments posted yet!